 Dungeon Crawl Stone Soup version 0.32-a0-20-ge526923d97 (webtiles) character file.

Game seed: 9527829160325420762

113 12sPaWn12 the Covered (level 4, -3/29 HPs)
             Began as a Gargoyle Fighter on Jan 17, 2024.
             Slain by an orc
             ... wielding a +0 flail
              (4 damage)
             ... on level 3 of the Dungeon.
             The game lasted 00:03:50 (1475 turns).

12sPaWn12 the Covered (Gargoyle Fighter)            Turns: 1475, Time: 00:03:51

Health: -3/29      AC: 11    Str: 21    XL:     4   Next: 96%
Magic:  4/4        EV:  9    Int:  9    God:
Gold:   730        SH:  4    Dex:  9    Spells: 3/3 levels left

rFire   . . .        a - +0 flail
rCold   . . .        c - +0 buckler
rNeg    + + .        b - +0 scale mail
rPois   ∞            (no helmet)
rElec   +            (no cloak)
rCorr   .            (no gloves)
SInv    .            i - +0 pair of boots
Will    .....        (no amulet) Stlth
                     f - ring of positive energy
HPRegen 0.24/turn    (no ring)
MPRegen 0.09/turn

%: no passive effects
@: no status effects
A: sickness immunity, AC +3, negative energy resistance 1, electricity
resistance, torment resistance 1, petrification resistance
a: no special abilities


You were on level 3 of the Dungeon.
You visited 1 branch of the dungeon, and saw 3 of its levels.

You collected 730 gold pieces.

Inventory:

Hand Weapons
 a - a +0 flail (weapon)
Armour
 b - a +0 scale mail (worn)
 c - a +0 buckler (worn)
 i - a +0 pair of boots (worn)
Jewellery
 f - a ring of positive energy (left hand)
Potions
 d - a potion of might
 e - 3 potions of curing {unknown}
 g - a potion of haste {unknown}
 h - a potion of brilliance {unknown}
 j - a potion of attraction {unknown}
 k - a potion of invisibility {unknown}


   Skills:
 * Level 4.0 Fighting
 * Level 3.3 Maces & Flails
 * Level 4.1 Armour
 * Level 3.8 Shields


You had 3 spell levels left.
You didn't know any spells.
Your spell library contained the following spells:

 Spells                   Type           Power      Damage    Failure   Level
 Apportation              Tloc           0%         N/A       78%         1
 Blink                    Tloc           0%         N/A       89%         2
 Jinxbite                 Hex            0%         N/A       89%         2
 Lesser Beckoning         Tloc           0%         N/A       89%         2
 Momentum Strike          Conj/Tloc      0%         3d8       89%         2
 Gell's Gravitas          Tloc           0%         N/A       98%         3
 Teleport Other           Tloc           0%         N/A       98%         3
 Alistair's Intoxication  Alch           0%         N/A       100%        5
 Dispersal                Tloc           0%         N/A       100%        6


Dungeon Overview and Level Annotations

Branches:
Dungeon (3/15)

Altars:
Fedhas
Kikubaaqudgha
Yredelemnul


Innate Abilities, Weirdness & Mutations

You are immune to sickness and miasma.
Your stone body is resilient. (AC +3)
You are immune to poison.
You resist negative energy. (rN+)
You are resistant to electric shocks. (rElec)
You are resistant to unholy torment.
You are immune to petrification.


Message History

The orc hits you but does no damage. The quokka barely misses you.
You barely miss the orc. The orc closely misses you.
You hear some strange, mumbled words.
A magic dart appears from out of thin air!
The magic dart hits you but does no damage.
The orc hits you with a +0 whip.
The quokka bites you but does no damage.
You closely miss the orc.
The quokka bites you but does no damage.
The orc hits you with a +0 flail. Something hits you but does no damage.
The orc barely misses you. The quokka closely misses you.
The orc barely misses you. x2; Something hits you.
You hit the orc.
The orc is almost dead.
You block the quokka's attack. The orc barely misses you.
You hear some strange, mumbled words.
A puff of flame appears from out of thin air!
The puff of flame hits you.
* * * LOW HITPOINT WARNING * * *
You block the orc's attack. The quokka bites you.
* * * LOW HITPOINT WARNING * * *
You hit the orc.
You kill the orc!
The orc barely misses you. Something hits you but does no damage.
The quokka bites you but does no damage.
The quokka bites you but does no damage.
The orc barely misses you. Something hits you.
* * * LOW HITPOINT WARNING * * *
The quokka barely misses you.
You see here a +0 whip.
The quokka barely misses you. Something hits you but does no damage.
Something hits you but does no damage. The orc hits you but does no damage.
You hear some strange, mumbled words.
A magic dart appears from out of thin air!
The magic dart hits you.
* * * LOW HITPOINT WARNING * * *
The quokka closely misses you. The orc hits you with a +0 flail.
You die...

.....###.#
###........#
#.........#
#.........#
#.........#
#.........#
#.##...##.#
#####.o..)....#
#....@r.{.#####
#.######.(#
..##......#
#........##
......#.##
###...)..####
##........##
#.#.......##
#...##.##..#


You could see an orc and a quokka.

Vanquished Creatures
  3 gnolls (D:3)
  3 adders (D:2)
  3 dart slugs
  A ribbon worm (D:2)
  2 orcs (D:3)
  A bat (D:3)
  5 endoplasms
  A giant cockroach (D:1)
  3 hobgoblins
  2 jackals (D:2)
  5 quokkas
  7 ball pythons
  2 frilled lizards (D:1)
  2 goblins (D:1)
  3 kobolds
  4 rats
47 creatures vanquished.

Notes
Turn   | Place    | Note
-------+----------+-------------------------------------------
     0 | D:1      | 12sPaWn12 the Gargoyle Fighter began the quest for the Orb.
     0 | D:1      | Reached XP level 1. HP: 14/14 MP: 1/1
    94 | D:1      | Reached XP level 2. HP: 19/19 MP: 2/2
   262 | D:1      | Identified a scroll of acquirement
   262 | D:1      | Acquired 654 gold pieces
   338 | D:1      | You fall into a shaft and drop 1 floor!
   360 | D:2      | Reached XP level 3. HP: 24/24 MP: 3/3
   426 | D:2      | Found a faded altar of an unknown god.
   604 | D:2      | Reached XP level 4. HP: 19/29 MP: 4/4
  1257 | D:3      | Found an ancient bone altar of Kikubaaqudgha.
  1310 | D:3      | Found a blossoming altar of Fedhas.
  1424 | D:3      | Found a basalt altar of Yredelemnul.
  1473 | D:3      | HP: 1/29 [something/magic dart (3)]
  1475 | D:3      | Slain by an orc

Illustrated notes

Levels and vault maps discovered:
D:1:      ebering_hopf_link, layout_rooms
D:2:      layout_rooms, basic_ecumenical_altar
D:3:      layout_loops_corners, mainiacjoe_overflow_catwalk,
          mainiacjoe_overflow_small_starburst, mainiacjoe_overflow_alcove_4,
          nicolae_overflow_hidden_temple, minmay_mini_jars

Skill      XL: |  1  2  3  4 |
---------------+-------------+-----
Armour         | 4 |  4.1
Maces & Flails | 3 |  3.3
Fighting       | 4 |  4.0
Shields        | |  3.8

Action                     |  1- 3 |  4- 6 || total
---------------------------+-------+-------++-------
  Melee: Flail             |   103 |    58 ||   161
    Use: Scroll            |     2 |       ||     2
 Armour: Scale mail        |    99 |    68 ||   167
  Dodge: Dodged            |    76 |    37 ||   113
  Block: Buckler           |    28 |    14 ||    42

Table legend: (Time is in decaauts)
 A = Elapsed time spent in this place.
 B = Non-inter-level travel time spent in this place.
 C = Inter-level travel time spent in this place.
 D = Time resting spent in this place.
 E = Time spent auto-exploring this place.
 F = Levels seen in this place.
 G = Mean time per level.
                   A        B        C        D        E       F      G
               +--------+--------+--------+--------+--------+-----+--------+
         Total |   1523 |   1447 |     76 |      0 |   1083 |   3 |  507.7 |
       Dungeon |   1523 |   1447 |     76 |      0 |   1083 |   3 |  507.7 |
               +--------+--------+--------+--------+--------+-----+--------+

Top non-repeatable levels by time:
     D:2: 586 daAuts
     D:1: 507 daAuts
     D:3: 429 daAuts
